 Dungeon Crawl Stone Soup version 0.29-a0-563-g64e4043184 (webtiles) character file.

Game seed: 11330528016837216589

515 Ajdolov the Grave Robber (level 7, -3/46 HPs)
             Began as a Mummy Necromancer on June 11, 2022.
             Slain by a phantom (7 damage)
             ... on level 5 of the Dungeon.
             The game lasted 00:08:53 (4750 turns).

Ajdolov the Grave Robber (Mummy Necromancer)        Turns: 4750, Time: 00:08:53

Health: -3/46      AC:  5    Str: 12    XL:     7   Next: 0%
Magic:  15/15      EV: 12    Int: 16    God:
Gold:   108        SH:  0    Dex: 12    Spells: 9/17 levels left

rFire   x . .      SeeInvis .   f - +0 dagger
rCold   + . .      Faith    .   (no shield)
rNeg    + + +      Spirit   .   a - +0 robe
rPois   ∞          Reflect  .   (no helmet)
rElec   .          Harm     .   l - +0 cloak
rCorr   .          Rampage  .   n - +1 pair of gloves
Will    .....                   (no boots)
Stlth   ++........              (no amulet)
HPRegen 0.15/turn               (no ring)
MPRegen 0.14/turn               (no ring)

@: no status effects
A: cold resistance 1, negative energy resistance 3, torment resistance 2, heat
vulnerability 1, in touch with death 1, no potions
a: no special abilities


You were on level 5 of the Dungeon.
You visited 1 branch of the dungeon, and saw 5 of its levels.

You collected 132 gold pieces.
You spent 24 gold pieces at shops.

Inventory:

Hand Weapons
 f - a +0 dagger (weapon)
Armour
 a - a +0 robe (worn)
 l - a +0 cloak (worn)
 n - a +1 pair of gloves (worn)
Scrolls
 b - a scroll of silence {unknown}
 c - a scroll of teleportation {unknown}
 d - 2 scrolls of identify
 e - 3 scrolls of noise {unknown}
 g - a scroll of fog {unknown}
 h - 2 scrolls of enchant armour
 i - a scroll of blinking {unknown}
 k - a scroll of amnesia {unknown}
 m - a scroll of vulnerability {unknown}


   Skills:
 - Level 1.5 Dodging
 - Level 1.5 Stealth
 - Level 5.5 Spellcasting
 * Level 7.4 Necromancy


You had 9 spell levels left.
You knew the following spells:

 Your Spells              Type           Power      Damage    Failure   Level
a - Necrotize             Necr           100%       1d9       1%          1
b - Vampiric Draining     Necr           42%        2d9       1%          3
c - Animate Dead          Necr           42%        N/A       7%          4

Your spell library contained the following spells:

 Spells                   Type           Power      Damage    Failure   Level
 Agony                    Necr           42%        N/A       19%         5


Dungeon Overview and Level Annotations

Branches:
Dungeon (5/15)
 Temple: D:4-7

Altars:

Shops:
D:1 ?   D:3 (

Annotations:
D:4 exclusion: ogre, Grinder


Innate Abilities, Weirdness & Mutations

You are immune to poison.
Your flesh is cold resistant. (rC+)
You are immune to negative energy. (rN+++)
You are immune to unholy pain and torment.
You are vulnerable to heat. (rF-)
You are in touch with the powers of death.
You do not drink.


Message History

You hit the phantom.
The phantom is moderately damaged.
The phantom hits you.
* * * LOW HITPOINT WARNING * * *
You closely miss the phantom.
The phantom is moderately damaged.
The phantom hits you.
* * * LOW HITPOINT WARNING * * *
You completely miss the phantom.
The phantom is moderately damaged.
The phantom hits you.
* * * LOW HITPOINT WARNING * * *
The phantom blinks!
You blink.
You hit the phantom but do no damage.
The phantom is moderately damaged.
The phantom hits you but does no damage.
You hit the phantom.
The phantom is moderately damaged.
The phantom hits you but does no damage.
You closely miss the phantom.
The phantom is moderately damaged.
The phantom barely misses you.
Unknown command.
You completely miss the phantom.
The phantom is moderately damaged.
The phantom hits you but does no damage.
You miss the phantom.
The phantom is moderately damaged.
The phantom hits you but does no damage.
You completely miss the phantom.
The phantom is moderately damaged.
The phantom hits you.
* * * LOW HITPOINT WARNING * * *
You miss the phantom.
The phantom is moderately damaged.
The phantom closely misses you.
You miss the phantom.
The phantom is moderately damaged.
The phantom hits you!
You die...

########
#......####
#.#.....)<#
#.#.....[.#
#.#....)[.####
#.#...........
#.#....W..####
..#.....@.#
###....$..#
#########


You could see a phantom.

Vanquished Creatures
  A black bear (D:4)
  An ogre (D:4)
  A scorpion (D:4)
  A hound (D:3)
  An iguana (D:4)
  An orc wizard (D:5)
  8 adders
  2 gnolls (D:4)
  4 worms
  3 dart slugs
  8 orcs
  9 ball pythons
  3 endoplasms
  4 giant cockroaches
  6 goblins
  8 hobgoblins
  2 kobolds (D:3)
  2 quokkas (D:2)
  5 bats
  A frilled lizard (D:1)
  4 rats
75 creatures vanquished.

Vanquished Creatures (collateral kills)
  A gnoll (D:4)
  A worm (D:3)
  A giant cockroach (D:2)
  A goblin (D:4)
  A kobold (D:4)
  A rat (D:3)
6 creatures vanquished.

Grand Total: 81 creatures vanquished

Notes
Turn   | Place    | Note
-------+----------+-------------------------------------------
     0 | D:1      | Ajdolov the Mummy Necromancer began the quest for the Orb.
     0 | D:1      | Reached XP level 1. HP: 13/13 MP: 4/4
   873 | D:1      | Reached XP level 2. HP: 11/19 MP: 3/6
  1059 | D:1      | Found a faded altar of an unknown god.
  1133 | D:1      | Found Qoruloin's Magic Scroll Shoppe.
  1141 | D:1      | Bought a scroll of identify for 24 gold pieces
  1636 | D:2      | Gained mutation: You are in touch with the powers of death.
                  | [Mummy growth]
  1636 | D:2      | Reached XP level 3. HP: 24/24 MP: 2/8
  1640 | D:2      | Learned a level 3 spell: Vampiric Draining
  1689 | D:2      | You fall into a shaft and drop 2 floors!
  1720 | D:3      | Found Wifewoi's Antique Weapon Shop.
  1863 | D:3      | Reached XP level 4. HP: 30/30 MP: 7/10
  2264 | D:2      | Reached skill level 5 in Spellcasting
  3074 | D:3      | Reached XP level 5. HP: 35/35 MP: 3/13
  3174 | D:3      | Learned a level 4 spell: Animate Dead
  3573 | D:3      | Reached skill level 5 in Necromancy
  3730 | D:4      | Noticed an ogre
  3794 | D:4      | Killed an ogre
  3949 | D:4      | Noticed a black bear
  4021 | D:4      | Reached skill level 6 in Necromancy
  4026 | D:4      | Reached XP level 6. HP: 27/41 MP: 4/14
  4355 | D:4      | Reached skill level 7 in Necromancy
  4466 | D:5      | Entered Level 5 of the Dungeon
  4475 | D:5      | Reached XP level 7. HP: 36/46 MP: 7/15
  4645 | D:4      | Noticed Grinder
  4750 | D:5      | Slain by a phantom

Illustrated notes

Levels and vault maps discovered:
D:1:      lemuel_arrival_tunnels, layout_loops_corners, serial_shops,
          shop_scrolls, dilly_ecumenical_altar_fadedgnrine
D:2:      layout_basic
D:3:      layout_basic, serial_shops, shop
D:4:      layout_cave_pools, gup_sewer_entry_glass, hangedman_decor_push,
          uniq_grinder
D:5:      layout_loops_ring, uniq_ijyb

Skill      XL: |  1  2  3  4  5  6 |
---------------+-------------------+-----
Spellcasting   | 3 4 5 |  5.5
Necromancy     | 6 7 |  7.4
Dodging        | |  1.5
Stealth        | |  1.5

Action                   |  1- 3 |  4- 6 |  7- 9 || total
-------------------------+-------+-------+-------++-------
Melee: Unarmed           |     3 |       |       ||     3
       Dagger            |       |     3 |    46 ||    49
Throw: Throwing net      |       |     1 |       ||     1
 Cast: Necrotize         |    39 |   143 |     2 ||   184
       Vampiric Draining |       |     2 |       ||     2
  Use: Scroll            |       |       |     1 ||     1
Armor: Robe              |     4 |    15 |    13 ||    32
Dodge: Dodged            |     5 |    47 |    20 ||    72

Table legend: (Time is in decaauts)
 A = Elapsed time spent in this place.
 B = Non-inter-level travel time spent in this place.
 C = Inter-level travel time spent in this place.
 D = Time resting spent in this place.
 E = Time spent auto-exploring this place.
 F = Levels seen in this place.
 G = Mean time per level.
                   A        B        C        D        E       F      G
               +--------+--------+--------+--------+--------+-----+--------+
         Total |   4756 |   4371 |    385 |    582 |   2982 |   5 |  951.2 |
       Dungeon |   4756 |   4371 |    385 |    582 |   2982 |   5 |  951.2 |
               +--------+--------+--------+--------+--------+-----+--------+

Top non-repeatable levels by time:
     D:3: 1542 daAuts
     D:1: 1511 daAuts
     D:2: 959 daAuts
     D:4: 671 daAuts
     D:5: 71 daAuts
